AoeStats
← cmd

African Clearing

506393880Analyzed
2v2 RM · 18d ago on Sep 13, 2026· 31m 57s· 4 players
Game mode
Random Map
Map size
Medium (4 player)
Population
200
Speed
Normal
Resources
Standard
Victory
Conquest
Starting age
Dark Age
Ending age
Imperial Age
RankedLock teamsTeams togetherTeam positionsShared explorationLock speedFull tech treeHidden civsTurbo modeCheats
Victory
Defeat
🇧🇪 Chinese · Belgium
972
+13
🇩🇪 Japanese · Germany
935
+15
🇩🇪 Romans · Germany
939
-15
🇩🇪 Mongols · Germany
884
-13
David Ygra
7:14 Loom
7:24 Loom
16:49 Feudal Age
17:32 Man-at-Arms
18:21 Double-Bit Axe
19:28 Arson
25:00 Castle Age
23:14 Forging
23:04 Scale Mail Armor
22:56 Fletching
22:58 Horse Collar
27:04 Wheelbarrow
26:17 Crossbowman
26:26 Long Swordsman
cramba89be
3:25 Loom
12:18 Feudal Age
17:31 Castle Age
18:57 Fletching
22:25 Bloodlines
26:33 Double-Bit Axe
26:29 Horse Collar
27:25 Wheelbarrow
cmd
12:57 Loom
14:43 Feudal Age
17:18 Double-Bit Axe
20:50 Castle Age
19:01 Horse Collar
20:29 Gold Mining
20:30 Stone Mining
22:55 Fletching
26:04 Bow Saw
27:23 Heavy Plow
29:29 Bodkin Arrow
31:24 Thumb Ring
helo
5:45 Loom
13:21 Feudal Age
13:56 Man-at-Arms
17:23 Wheelbarrow
18:10 Scale Mail Armor
18:37 Fletching
24:17 Padded Archer Armor
27:11 Forging
31:28 Castle Age
30:37 Double-Bit Axe
Connection lost

Rejoining the realm…

Still unreachable

The connection could not be restored.

Session expired

The server has moved on; the page needs a fresh start.